 Dungeon Crawl Stone Soup version 0.27.1-34-g3ba077fa99 (webtiles) character file.

Game seed: 4865685298652567033

137958 ticklebelly the Warrior (level 16, -5/165 HPs)
             Began as a Minotaur Berserker on Jan 4, 2022.
             Was a High Priest of Trog.
             Splashed with acid (9 damage)
             ... on level 2 of the Pits of Slime on Jan 5, 2022.
             The game lasted 01:58:02 (24103 turns).

ticklebelly the Warrior (Minotaur Berserker)       Turns: 24103, Time: 01:58:03

Health: -5/165     AC: 29    Str: 31    XL:     16   Next: 70%
Magic:  15/15      EV: 11    Int:  8    God:    Trog [*****.]
Gold:   1373       SH:  0    Dex: 12    Spells: 15/15 levels left

rFire    . . .     SeeInvis +   N - +7 broad axe (vorpal)
rCold    . . .     Faith    .   h - +2 buckler
rNeg     . . .     Spirit   .   U - +3 plate armour {rPois}
rPois    +         Reflect  .   u - +1 hat
rElec    .         Harm     .   A - scarf {repulsion}
rCorr    .         Rampage  .   e - +0 pair of gloves
Will     ++...                  g - +1 pair of boots
Stlth    ..........             P - amulet of regeneration
HPRegen  1.37/turn              m - ring "Leigotua" {Will+ Str+4 Int+4 SInv}
MPRegen  0.14/turn              S - +4 ring of protection

@: confused, repel missiles
A: horns 2, retaliatory headbutt
a: Renounce Religion, Berserk, Trog's Hand, Brothers in Arms


You were on level 2 of the Pits of Slime.
You worshipped Trog.
Trog was extremely pleased with you.
You visited 5 branches of the dungeon, and saw 27 of its levels.
You also visited: Sewer, Ossuary and Gauntlet.

You collected 2653 gold pieces.
You spent 1280 gold pieces at shops.

Inventory:

Hand Weapons
 N - a +7 vorpal broad axe (weapon)
 W - the +12 executioner's axe "Byx Tev" {flame, +Rage rC++ rN+ Str-5}
   (Trog gifted it to you on level 2 of the Orcish Mines)

   It burns those it strikes, dealing additional fire damage.
   Big, fiery blades are also staple armaments of hydra-hunters.
   Str:       It affects your strength (-5).
   rC:        It greatly protects you from cold.
   rN:        It protects you from negative energy.
   +Rage:     It lets you go berserk.
Armour
 e - a +0 pair of gloves (worn)
 g - a +1 pair of boots (worn)
 h - a +2 buckler (worn)
 o - the +8 plate armour "Adoebuefat" {Will+ Int+5}
   (You found it in a Gauntlet)

   Int:       It affects your intelligence (+5).
   Will:      It increases your willpower.
 u - a +1 hat (worn)
 A - a scarf of repulsion (worn)
 U - a +3 plate armour of poison resistance (worn)
Jewellery
 a - a ring of willpower
 m - the ring "Leigotua" (left hand) {Will+ Str+4 Int+4 SInv}
   (You bought it in a shop on level 2 of the Orcish Mines)

   [ring of see invisible]

   Str:       It affects your strength (+4).
   Int:       It affects your intelligence (+4).
   SInv:      It lets you see invisible.
   Will:      It increases your willpower.
 v - a ring of protection from cold
 x - a ring of positive energy
 C - a ring of resist corrosion
 D - a ring of ice
 L - a +6 ring of dexterity
 O - a ring of flight
 P - an amulet of regeneration (around neck)
 S - a +4 ring of protection (right hand)
 T - an amulet of faith
Wands
 r - a wand of polymorph (7)
 w - a wand of charming (11)
 y - a wand of acid (22)
 E - a wand of iceblast (47)
 J - a wand of mindburst (17)
 R - a wand of flame (68)
 Z - a wand of paralysis (19)
Scrolls
 c - 3 scrolls of identify
 f - 3 scrolls of fog
 k - 4 scrolls of enchant armour
 p - 12 scrolls of teleportation
 s - 5 scrolls of enchant weapon
 t - 4 scrolls of immolation
 F - a scroll of blinking
 G - 2 scrolls of magic mapping
 K - 2 scrolls of fear
 M - a scroll of silence
 Y - a scroll of holy word
Potions
 b - 6 potions of flight
 d - 4 potions of brilliance
 i - 3 potions of lignification
 j - 5 potions of ambrosia
 l - a potion of resistance
 n - 3 potions of haste
 q - 14 potions of curing
 z - 4 potions of heal wounds
 B - 3 potions of might
 H - a potion of berserk rage
 I - 3 potions of cancellation
 Q - 2 potions of invisibility


   Skills:
 + Level 20.5 Fighting
 - Level 19.7 Axes
 - Level 15.4 Armour
 - Level 8.0 Dodging
 + Level 7.4 Shields


You had 15 spell levels left.
You didn't know any spells.
Your spell library was empty.

Dungeon Overview and Level Annotations

Branches:
Dungeon (13/15)            Temple (0/1) D:7            Lair (6/6) D:11
  Swamp (4/4) Lair:3       Spider (0/4) Lair:2        Slime (2/5) Lair:5
    Orc (2/2) D:10            Elf (0/3) Orc:2         Sewer (visited)
Ossuary (visited)         Gauntlet (visited)
 Vaults: D:13-14

Altars:
Cheibriados
Elyvilon
Fedhas
Kikubaaqudgha
Makhleb
Ru
Vehumet
Wu Jian
Xom
Yredelemnul
Zin
Beogh

Shops:
D:7 *   D:12 (   Orc:2 ?[:=![*

Annotations:
Lair:2 exclusion: 5 oklob plants
Swamp:2 Roxanne
Swamp:4 Lernaean hydra


Innate Abilities, Weirdness & Mutations

You have a pair of horns on your head.
You reflexively headbutt those who attack you in melee.


Message History

You are splashed with acid!
The golden eye blinks at you. You resist with almost no effort.
The endoplasm freezes you.
You are frozen.
The golden eye blinks at you. You resist with almost no effort.
You slice the endoplasm!!
You kill the endoplasm!
Trog accepts your kill.
You slash the golden eye!
You kill the golden eye!
Trog accepts your kill.
You miss the golden eye.
You are splashed with acid!!
* * * LOW HITPOINT WARNING * * *
The golden eye blinks at you. You resist with almost no effort.
You bump into the slime covered rock wall.
You are splashed with acid!!
* * * LOW HITPOINT WARNING * * *
The golden eye turns its gaze towards you.
The golden eye blinks at you. You resist with almost no effort.
You are too confused!
You bump into the slime covered rock wall.
You are splashed with acid!!
* * * LOW HITPOINT WARNING * * *
The golden eye blinks at you. You resist with almost no effort.
The golden eye blinks at you. You resist with almost no effort.
You are confused.
You repel missiles.
Your movement speed is average.
Your attack delay is about 0.7 (and cannot be improved with additional weapon skill).
Your base attributes are Str 27, Int 4, Dex 12.
Press: ? - help, v - describe, . - travel
Here: a golden eye The floor.
You are too confused!
You are splashed with acid!
You die...

.. ..#####
.....#.###
.........##
..........##
........<..#
......G@..##
.....GG.###
......#.#
..####### .


You could see 3 golden eyes.

Vanquished Creatures
  Jorgrun (Swamp:2)
  The ghost of xzight the Severer, an adept MiBe of Trog (Swamp:1)
  3 rockslimes (Slime:1)
  An azure jelly (Slime:1)
  A minotaur (Gauntlet)
  8 bunyips
  3 eleionomae
  Fannar (D:11)
  3 catoblepae (Lair:6)
  15 hydras
  A boulder beetle (D:10)
  3 two-headed ogres
  2 ghost crabs
  3 ogre magi (Orc:2)
  Erica (D:10)
  7 death yaks
  11 alligators
  A spriggan berserker (Swamp:1)
  Nergalle (Orc:2)
  8 spriggans
  2 bunyip zombies (Swamp:4)
  3 goliath frogs (Swamp:1)
  A death drake (Swamp:1)
  4 spriggan druids
  7 bog bodies
  4 swamp dragons
  An orc knight (Orc:2)
  2 wizards (Gauntlet)
  A necromancer (Swamp:4)
  A lindwurm (Lair:6)
  A shining eye (Slime:1)
  2 manticores (Lair:6)
  9 orc sorcerers
  A will-o-the-wisp (Swamp:2)
  7 elephants (Lair:6)
  2 cyclopes
  3 black mambas
  A torpor snail (Lair:6)
  14 cane toads
  3 komodo dragons
  A rime drake (Lair:6)
  2 unseen horrors
  3 polar bears (Lair:5)
  6 trolls
  A hydra zombie (Swamp:4)
  2 queen bees
  A bloated husk (Swamp:3)
  6 tyrant leeches
  14 blink frogs
  9 hornets
  30 slime creatures
  12 dream sheep (Lair:6)
  4 flying skulls (Gauntlet)
  2 shadows (D:10)
  A wraith (D:12)
  4 wyverns
  4 basilisks
  46 yaks
  A redback (Lair:2)
  A golden eye (Slime:2)
  5 wargs
  2 steam dragons
  14 swamp worms
  8 vampire mosquitoes
  19 water moccasins
  4 black bears
  2 hornet zombies
  6 swamp drakes
  2 sky beasts (D:6)
  14 orc warriors
  4 necrophages
  9 wolves
  9 ogres
  4 centaurs
  A swamp dragon zombie (Swamp:4)
  A phantom (D:7)
  A kobold brigand (D:8)
  16 bullfrogs
  A gnoll sergeant (D:6)
  3 scorpions
  A wyvern zombie (D:9)
  2 water moccasin zombies (Ossuary)
  A wyvern skeleton (D:7)
  A water moccasin skeleton (D:7)
  26 killer bees
  3 wights (D:9)
  6 electric eels
  5 howler monkeys
  A human zombie (D:9)
  4 jellies
  16 orc priests
  2 gnoll shamans
  4 centaur zombies
  2 hounds
  Crazy Yiuf (D:2)
  Terence (D:2)
  6 iguanas
  32 orc wizards
  A killer bee zombie (D:5)
  3 mummies
  5 howler monkey zombies
  13 gnolls
  A howler monkey skeleton (D:7)
  10 adders
  3 river rats (Sewer)
  3 shadow imps
  4 white imps (Gauntlet)
  5 adder zombies (Ossuary)
  A worm (D:2)
  70 orcs
  8 ball pythons
  6 bats
  10 endoplasms
  4 giant cockroaches
  4 goblins
  4 hobgoblins
  8 kobolds
  3 quokkas
  8 frilled lizards
  2 goblin zombies (D:4)
  4 hobgoblin zombies (Ossuary)
  4 kobold zombies (Ossuary)
  5 orc zombies (Ossuary)
  13 rats
735 creatures vanquished.

Vanquished Creatures (collateral kills)
  A boulder beetle (D:12)
  A spriggan (Swamp:4)
  A swamp dragon (Swamp:4)
  An orc sorcerer (Orc:2)
  A will-o-the-wisp (Swamp:4)
  A hornet (Swamp:4)
  A swamp drake (Swamp:4)
  3 orc wizards (Orc:2)
  An orc (Orc:2)
11 creatures vanquished.

Vanquished Creatures (others)
  A shambling mangrove (Swamp:3)
  A bloated husk (Swamp:1)
  8 foxfires
  24 fungi
  37 plants
71 creatures vanquished.

Grand Total: 817 creatures vanquished

Notes
Turn   | Place    | Note
-------+----------+-------------------------------------------
     0 | D:1      | ticklebelly the Minotaur Berserker began the quest for the
                  | Orb.
     0 | D:1      | Reached XP level 1. HP: 19/19 MP: 0/0
   330 | D:1      | Reached skill level 4 in Fighting
   350 | D:1      | Reached XP level 2. HP: 24/27 MP: 1/1
  1500 | D:2      | Reached XP level 3. HP: 24/34 MP: 2/2
  1692 | D:2      | Noticed Terence
  1697 | D:2      | Killed Terence
  1976 | D:2      | Reached XP level 4. HP: 41/41 MP: 3/3
  1980 | D:2      | Reached skill level 5 in Axes
  2010 | D:2      | Reached skill level 5 in Fighting
  2099 | D:2      | Found a faded altar of an unknown god.
  2450 | D:2      | Found a runed translucent door.
  2451 | D:2      | Noticed Crazy Yiuf
  2457 | D:2      | Killed Crazy Yiuf
  2940 | D:3      | Found a glowing silver altar of Zin.
  3018 | D:3      | Found a snail-covered altar of Cheibriados.
  3539 | D:4      | Found a sand-covered staircase.
  3544 | Ossuary  | Entered an ossuary
  3563 | Ossuary  | Reached ** piety under Trog
  3564 | Ossuary  | Reached XP level 5. HP: 47/48 MP: 4/4
  3629 | Ossuary  | Reached skill level 6 in Fighting
  3684 | Ossuary  | Reached XP level 6. HP: 36/58 MP: 5/5
  4366 | D:4      | Found a blossoming altar of Fedhas.
  4492 | D:5      | Entered Level 5 of the Dungeon
  4494 | D:5      | Reached skill level 7 in Fighting
  4527 | D:5      | Reached XP level 7. HP: 64/66 MP: 6/6
  4650 | D:5      | Reached *** piety under Trog
  5155 | D:5      | Reached skill level 8 in Fighting
  5155 | D:5      | Reached skill level 5 in Armour
  5155 | D:5      | Reached XP level 8. HP: 67/74 MP: 7/7
  5493 | D:6      | Found an ancient bone altar of Kikubaaqudgha.
  5523 | D:6      | Found a glowing drain.
  5547 | Sewer    | Entered a sewer
  5891 | Sewer    | Reached **** piety under Trog
  6087 | D:6      | Reached skill level 9 in Fighting
  6262 | D:6      | Reached XP level 9. HP: 83/83 MP: 8/8
  6588 | D:7      | Found Xufoclew's Overcharged Wands.
  6865 | D:7      | Reached skill level 10 in Axes
  6973 | D:7      | Reached skill level 10 in Fighting
  6976 | D:7      | Found a staircase to the Ecumenical Temple.
  7042 | D:7      | Reached ***** piety under Trog
  7843 | D:8      | Found a white marble altar of Elyvilon.
  7925 | D:8      | Noticed a two-headed ogre
  7938 | D:8      | Killed a two-headed ogre
  7939 | D:8      | Reached XP level 10. HP: 77/94 MP: 9/9
  8427 | D:9      | Reached skill level 11 in Fighting
  8706 | D:9      | Found a burning altar of Makhleb.
  8856 | D:9      | Found a basalt altar of Yredelemnul.
  8924 | D:10     | Entered Level 10 of the Dungeon
  8933 | D:10     | Found a staircase to the Orcish Mines.
  8978 | D:10     | Reached skill level 10 in Armour
  9047 | D:10     | Noticed Erica
  9063 | D:10     | Killed Erica
  9067 | D:10     | Identified the ring of Melug {rF+ rN+ Slay-6 Stlth+}
  9132 | D:10     | Noticed a boulder beetle
  9157 | D:10     | Killed a boulder beetle
  9158 | D:10     | Reached skill level 12 in Fighting
  9218 | D:10     | Noticed a cyclops
  9225 | D:10     | Killed a cyclops
  9266 | D:10     | Reached XP level 11. HP: 95/104 MP: 10/10
  9502 | D:10     | Found an ornate altar of the Wu Jian Council.
  9614 | D:10     | Noticed a two-headed ogre
  9628 | D:10     | Killed a two-headed ogre
  9629 | D:10     | Reached skill level 5 in Dodging
  9721 | D:10     | Found a sacrificial altar of Ru.
  9722 | D:10     | You fall into a shaft and drop 3 floors!
  9766 | D:12     | Noticed a boulder beetle
  9779 | D:12     | Killed a boulder beetle
  9919 | D:12     | Found Gumois's Weapon Shop.
 10160 | D:10     | Received a gift from Trog
 10862 | D:11     | Noticed Fannar
 10875 | D:11     | Killed Fannar
 10980 | D:11     | Found a staircase to the Lair.
 11255 | Lair:1   | Entered Level 1 of the Lair of Beasts
 11263 | Lair:1   | Reached skill level 13 in Fighting
 11453 | Lair:1   | Noticed a four-headed hydra
 11459 | Lair:1   | Killed a one-headed hydra
 11515 | Lair:1   | Reached XP level 12. HP: 106/115 MP: 11/11
 11860 | Lair:1   | Found a shimmering altar of Xom.
 12166 | Lair:2   | Noticed a death yak
 12167 | Lair:2   | Noticed a death yak
 12179 | Lair:2   | Noticed a death yak
 12180 | Lair:2   | Noticed a death yak
 12192 | Lair:2   | Killed a death yak
 12202 | Lair:2   | Killed a death yak
 12213 | Lair:2   | Killed a death yak
 12236 | Lair:2   | Killed a death yak
 12308 | Lair:2   | Reached skill level 14 in Fighting
 12339 | Lair:2   | Found a hole to the Spider Nest.
 12786 | Lair:2   | Received a gift from Trog
 12834 | Lair:2   | Reached skill level 15 in Fighting
 12834 | Lair:2   | Reached skill level 15 in Axes
 12834 | Lair:2   | Reached XP level 13. HP: 127/127 MP: 12/12
 13221 | Lair:3   | Identified the +9 dagger of Afink {drain, rElec rF+ MP-9
                  | Str+7}
 13376 | Lair:3   | Found a staircase to the Swamp.
 14575 | Lair:4   | Found a gate leading to a gauntlet.
 14583 | Gauntlet | Entered a Gauntlet
 14583 | Gauntlet | Found a transporter.
 14583 | Gauntlet | Found a transporter.
 14587 | Gauntlet | Found a transporter.
 14595 | Gauntlet | Found a transporter.
 14608 | Gauntlet | Found a transporter.
 14612 | Gauntlet | Found a transporter.
 14612 | Gauntlet | Found a transporter.
 14617 | Gauntlet | Found a transporter.
 14646 | Gauntlet | Found a transporter.
 14653 | Gauntlet | Found a transporter.
 14662 | Gauntlet | Found a transporter.
 14671 | Gauntlet | Found a transporter.
 14711 | Gauntlet | Found a transporter.
 14725 | Gauntlet | Found a transporter.
 14826 | Gauntlet | Found a transporter.
 14844 | Gauntlet | Found a transporter.
 14949 | Gauntlet | Identified the +3 executioner's axe of the Spider Nest
                  | {pain, *Rage rElec rPois Dex+3}
 14950 | Gauntlet | Identified the +8 plate armour "Adoebuefat" {Will+ Int+5}
 15114 | Gauntlet | Identified the +5 fustibalus of Qiemiky {freeze, Str+3
                  | Int+3 Dex+4}
 15114 | Gauntlet | Identified the ring of the Neverending Beasts {Drain rC+
                  | Will+ Str+5 Int+3}
 15114 | Gauntlet | Noticed a minotaur
 15124 | Gauntlet | Killed a minotaur
 15354 | Lair:4   | Reached XP level 14. HP: 89/136 MP: 13/13
 16237 | Lair:5   | Found a staircase to the Slime Pits.
 16246 | Lair:5   | Reached skill level 16 in Fighting
 16950 | Lair:6   | Entered Level 6 of the Lair of Beasts
 17084 | Lair:6   | Received a gift from Trog
 17140 | Lair:6   | Identified the +6 rapier "Demonslayer" {vorpal, rC++
                  | Will+++ rCorr Str-5}
 17392 | Lair:6   | Reached skill level 15 in Armour
 17525 | Lair:6   | Reached skill level 17 in Fighting
 17648 | Lair:6   | Found the +7 pair of quick blades "Gyre" and "Gimble"
                  | {protect}
 18049 | Orc:1    | Entered Level 1 of the Orcish Mines
 18128 | Orc:1    | Received a gift from Trog
 18567 | Orc:2    | Entered Level 2 of the Orcish Mines
 18567 | Orc:2    | Found Vaalypna's Magic Scroll Shop.
 18704 | Orc:2    | Reached XP level 15. HP: 144/148 MP: 14/14
 18756 | Orc:2    | Bought a scroll of enchant armour for 120 gold pieces
 18889 | Orc:2    | Found Erem Foapnut's Antique Armour Shoppe.
 18985 | Orc:2    | Found a staircase to the Elven Halls.
 19054 | Orc:2    | Found Naxag's Assorted Antiques.
 19071 | Orc:2    | Identified the +12 executioner's axe "Byx Tev" {flame,
                  | +Rage rC++ rN+ Str-5} (Trog gifted it to you on level 2 of
                  | the Orcish Mines)
 19071 | Orc:2    | Received a gift from Trog
 19098 | Orc:2    | Bought a scroll of enchant weapon for 232 gold pieces
 19098 | Orc:2    | Bought a scroll labelled VOTAATT TOAN for 31 gold pieces
 19148 | Orc:2    | Reached ****** piety under Trog
 19160 | Orc:2    | Reached skill level 18 in Fighting
 19160 | Orc:2    | Paralysed by an orc sorcerer for 5 turns
 19211 | Orc:2    | Found Zuczomawn's Book Boutique.
 19282 | Orc:2    | Found a radiant altar of Vehumet.
 19320 | Orc:2    | Paralysed by an orc sorcerer for 2 turns
 19332 | Orc:2    | Found an ancient bone altar of Kikubaaqudgha.
 19332 | Orc:2    | Noticed Nergalle
 19341 | Orc:2    | Killed Nergalle
 19402 | Orc:2    | Found Irurghix's Antique Armour Boutique.
 19402 | Orc:2    | Found Gyjad's Jewellery Shop.
 19413 | Orc:2    | Found Xeqaukk's Distillery.
 19422 | Orc:2    | Bought a pair of runed boots for 187 gold pieces
 19451 | Orc:2    | Bought the ring "Leigotua" {Will+ Str+4 Int+4 SInv} for 710
                  | gold pieces
 19759 | Swamp:1  | Entered Level 1 of the Swamp
 20079 | Swamp:1  | Found a runed translucent door.
 20110 | Swamp:1  | Noticed xzight's ghost (adept MiBe)
 20130 | Swamp:1  | Killed xzight's ghost
 20559 | Swamp:2  | Received a gift from Trog
 20669 | Swamp:2  | Noticed Roxanne
 20701 | Swamp:2  | Noticed Jorgrun
 20708 | Swamp:2  | Killed Jorgrun
 20785 | Swamp:2  | Reached skill level 19 in Fighting
 21916 | Swamp:3  | Reached XP level 16. HP: 137/161 MP: 15/15
 22680 | Swamp:4  | Entered Level 4 of the Swamp
 22742 | Swamp:4  | Reached skill level 1 in Shields
 23139 | Swamp:4  | Reached skill level 20 in Fighting
 23219 | Swamp:4  | Noticed the 27-headed Lernaean hydra
 23222 | Swamp:3  | Reached skill level 5 in Shields
 23409 | Slime:1  | Entered Level 1 of the Pits of Slime
 24102 | Slime:2  | HP: 3/165 [acid (21)]
 24103 | Slime:2  | Splashed with acid

Illustrated notes

Levels and vault maps discovered:
D:1:      onia_arrival_mini_maze_b, layout_loops_ring, minmay_statues_item,
          grunt_decor_mini_mirrors, roderic_lattice_a
D:2:      minmay_inner_zag, layout_basic, serial_curves, eino_curves_01,
          eino_curves_01, basic_ecumenical_altar, uniq_terence,
          uniq_crazy_yiuf_cottage
D:3:      layout_loops_corners, mainiacjoe_overflow_catch_the_wave
D:4:      layout_basic, lemuel_doored_altar, nicolae_ossuary_entry_giza
D:5:      layout_rooms, serial_aquarium, aquarium_bridge_square
          [aquarium_subvault_bridge, aquarium_subvault_bridge,
          aquarium_subvault_window, aquarium_subvault_bridge],
          aquarium_bridge_long_joined [aquarium_subvault_wall,
          aquarium_subvault_wall, aquarium_subvault_wall,
          aquarium_subvault_wall, aquarium_subvault_bridge,
          aquarium_subvault_window], aquarium_window_corner, aquarium_window_1,
          aquarium_window_1, aquarium_window_3, aquarium_view_2b,
          aquarium_view_2d, aquarium_pool_side
D:6:      layout_rooms, nicolae_overflow_hidden_temple, gup_sewer_entry_glass
D:7:      minmay_recursive_quarters, layout_basic, minmay_temple_entry_waves,
          nicolae_shop_overcharged_wands
D:8:      layout_basic, nicolae_elyvilon_peaceful_grove, kennysheep_path_1
D:9:      layout_roguey, bloody_makhleb, lemuel_mausoleum_altar_yredelemnul
D:10:     layout_roguey, nicolae_ru_great_annihilating_truth,
          pdpol_wu_jian_five_deadly_venoms, orc_0_dummy,
          minmay_shattered_shrine, uniq_erica
D:11:     layout_loops_cross, lair_entry_dummy, minivault_7, uniq_fannar
D:12:     layout_basic, serial_shops, shop, shop_statue, shop, shop,
          nicolae_inconvenience_store, kennysheep_treasure_room
D:13:     layout_irregular_city, erik_vaults_1, uniq_sonja, uniq_kirke,
          uniq_urug
Lair:1:   layout_regular_city, basic_altar, minmay_holes, serial_bayou_shore_b
Lair:2:   dpeg_oklob_gauntlet, layout_big_grid, spider_nest_entry_webs,
          serial_bayou_lake_a, grunt_megastairs_1, minmay_lair_oklob_chamber
Lair:3:   statuecave_lemuel, layout_layer_cave, minmay_swamp_entry_worms,
          serial_bayou_shore_a
Lair:4:   layout_small_grid, gauntlet_entry_generic
Lair:5:   layout_gridlike, minmay_slime_entry_pillars, gammafunk_lair_bear_cave
Lair:6:   hangedman_lair_in_review, layout_long_grid
Swamp:1:  layout_falls_marsh, ebering_ghost_inner_flame,
          evilmike_swamp_ruin_rubble_2
Swamp:2:  layout_basic_swamp, nicolae_swamp_orc_logging_accident,
          nicolae_swamp_bunyip_nook, uniq_roxanne, uniq_jorgrun
Swamp:3:  layout_basic_swamp, serial_swamp_ruin, evilmike_swamp_ruin_house_5,
          evilmike_swamp_ruin_house_1
Swamp:4:  swamp, layout_basic_swamp, swamp_pool1, nicolae_swamp_necromancer_hut,
          infiniplex_staircase_pool
Slime:1:  layout_caves
Slime:2:  layout_caves, nicolae_slime_welcoming_committee
Orc:1:    layout_caves, basic_altar
Orc:2:    kennysheep_orc_mage_school, layout_caves, serial_shops,
          nicolae_shop_behind_doors, shop, shop, minmay_orc_temple_b

Skill      XL: |  1  2  3  4  5  6  7  8  9 10 11 12 13 14 15 16 |
---------------+-------------------------------------------------+-----
Fighting       | 4 5 6 7 8 9 10 12 13 15 17 19 20 | 20.5
Axes           | 4 5 6 7 8 9 11 12 13 15 17 19 | 19.7
Armour         | 3 5 6 9 10 12 13 15 | 15.4
Dodging        | 4 7 8 |  8.0
Shields        | 7 |  7.4

Action                   |  1- 3 |  4- 6 |  7- 9 | 10-12 | 13-15 | 16-18 || total
-------------------------+-------+-------+-------+-------+-------+-------++-------
Melee: Hand axe          |    65 |    82 |   271 |   502 |       |       ||   920
       Headbutt          |     3 |    20 |    53 |   140 |   189 |    79 ||   484
       Broad axe         |       |       |       |       |   718 |   212 ||   930
Invok: Berserk           |     1 |     2 |     2 |     4 |     2 |     1 ||    12
       Trog's Hand       |       |       |     2 |     4 |     5 |     1 ||    12
       Brothers in Arms  |       |       |       |     1 |     6 |     4 ||    11
Evoke: Wand              |       |       |       |       |       |     3 ||     3
  Use: Scroll            |       |       |       |    10 |    22 |     1 ||    33
       Potion            |       |       |       |     1 |     2 |     1 ||     4
 Stab: Paralysed         |       |       |       |     2 |       |       ||     2
       Confused          |       |       |       |       |     1 |       ||     1
Armor: Animal skin       |    13 |       |       |       |       |       ||    13
       Leather armour    |     7 |       |       |       |       |       ||     7
       Scale mail        |     4 |     7 |       |       |       |       ||    11
       Chain mail        |       |    32 |   104 |    59 |       |       ||   195
       Plate armour      |       |       |       |   210 |   504 |   195 ||   909
Dodge: Dodged            |    31 |    33 |   117 |   169 |   392 |   114 ||   856
       Repelled          |       |       |       |       |     7 |     5 ||    12
Block: Buckler           |       |       |       |       |       |    61 ||    61
